 Dungeon Crawl Stone Soup version 0.31-a0-542-gdc2a67831c (webtiles) character file.

Game seed: 2963950994425166930

10771 Pooter the Cleaver (level 11, -1/97 HPs)
             Began as a Minotaur Berserker on Aug 14, 2023.
             Was a Priest of Trog.
             Slain by a cane toad (16 damage)
             ... on level 8 of the Dungeon.
             The game lasted 01:04:04 (12004 turns).

Pooter the Cleaver (Minotaur Berserker)            Turns: 12004, Time: 01:04:05

Health: -1/97      AC: 15    Str: 25    XL:     11   Next: 40%
Magic:  10/10      EV:  7    Int:  4    God:    Trog [***...]
Gold:   302        SH:  5    Dex: 11    Spells: 10/10 levels left

rFire   . . .        a - +4 dire flail (heavy)
rCold   . . .        (shield currently unavailable)
rNeg    . . .        N - +1 plate armour
rPois   .            (helmet restricted)
rElec   .            (no cloak)
rCorr   .            G - +2 pair of gloves
SInv    +            (no boots)
Will    .....        J - amulet of reflection Stlth
                     P - +4 ring of slaying
HPRegen 0.36/turn    S - ring of see invisible
MPRegen 0.12/turn

%: reflection
@: lethally poisoned (-1 -> -4), on berserk cooldown, slowed, studying Stealth,
very slow
A: horns 2, retaliatory headbutt
a: Renounce Religion, Berserk, Trog's Hand


You were on level 8 of the Dungeon.
You worshipped Trog.
Trog was most pleased with you.
You visited 2 branches of the dungeon, and saw 11 of its levels.
You also visited: Sewer.

You collected 989 gold pieces.
You spent 687 gold pieces at shops.

Inventory:

Hand Weapons
 a - a +4 heavy dire flail (weapon)
   (You took it off Lodul on level 10 of the Dungeon)
 b - a +0 orcbow
   (You found it on level 5 of the Dungeon)
 h - the +3 mace "Kuwkooz" {freeze, Dex+5 Stlth-}
   (You found it on level 2 of the Dungeon)

   Dex+5:     It affects your dexterity (+5).
   Stlth-:    It makes you less stealthy.
 k - a +1 heavy hand axe
   (You took it off Terence on level 2 of the Dungeon)
 T - a +1 war axe of electrocution
   (You found it on level 9 of the Dungeon)
Missiles
 j - 11 boomerangs (quivered)
 n - 6 curare-tipped darts
 o - 20 poisoned darts
 w - 7 javelins
 y - 5 datura-tipped darts
 Q - 140 stones
Armour
 G - a +2 pair of gloves (worn)
   (You found it on level 7 of the Dungeon)
 H - a +0 scale mail of positive energy
   (You took it off an orc on level 7 of the Dungeon)
 N - a +1 plate armour (worn)
   (You took it off an orc warrior on level 8 of the Dungeon)
Jewellery
 c - a ring of flight
   (You bought it in a shop on level 3 of the Dungeon)
 g - a ring of fire
   (You found it on level 1 of the Dungeon)
 r - a +4 ring of protection
   (You found it on level 8 of the Dungeon)
 I - a ring of protection from cold
   (You found it on level 2 of the Dungeon)
 J - an amulet of reflection (around neck)
   (You bought it in a shop on level 3 of the Dungeon)
 P - a +4 ring of slaying (left hand)
   (You found it on level 9 of the Dungeon)
 S - a ring of see invisible (right hand)
   (You bought it in a shop on level 3 of the Dungeon)
Wands
 u - a wand of paralysis (6)
   (You took it off Lodul on level 10 of the Dungeon)
 B - a wand of roots (7)
   (You found it on level 5 of the Dungeon)
 D - a wand of digging (3)
   (You found it on level 9 of the Dungeon)
 L - a wand of polymorph (4)
   (You found it on level 8 of the Dungeon)
 M - a wand of mindburst (7)
   (You found it on level 8 of the Dungeon)
Scrolls
 d - 2 scrolls of blinking
 e - a scroll of brand weapon
 f - 2 scrolls of revelation
 q - 2 scrolls of fog
 t - 2 scrolls of teleportation {@r4}
 A - 4 scrolls of poison {!r}
Potions
 l - 2 potions of resistance
 m - a potion of might {unknown}
 p - 2 potions of heal wounds {@q2}
 s - a potion of lignification {unknown}
 v - 3 potions of curing {@q1}
 x - a potion of haste {unknown}
 z - a potion of brilliance {unknown}
 C - 2 potions of degeneration {unknown}
 F - a potion of invisibility {unknown}
 O - a potion of ambrosia {unknown}
 R - a potion of enlightenment {unknown}
 W - a potion of mutation {unknown}
Miscellaneous
 V - a phantom mirror
   (You found it on level 10 of the Dungeon)


   Skills:
 + Level 9.5 Fighting
 - Level 12.6(12.8) Axes
 * Level 2.5(8.5) Maces & Flails
 * Level 11.2 Ranged Weapons
 - Level 2.4 Armour
 - Level 2.1 Dodging
 + Level 8.5 Stealth
 + Level 3.3 Evocations


You had 10 spell levels left.
You didn't know any spells.
Your spell library was empty.

Dungeon Overview and Level Annotations

Branches:
Dungeon (10/15) Zot: 24845  Temple (0/1) D:6            Lair (1/5) D:8 Zot: 5980
  Sewer (visited)
    Orc: D:9-12

Altars:
Ashenzari
Cheibriados
Elyvilon
Okawaru
Qazlal
Sif Muna

Shops:
D:3 =   D:6 :

Annotations:
Lair:1 Harold


Innate Abilities, Weirdness & Mutations

You have a pair of horns on your head.
You reflexively headbutt those who attack you in melee.


Message History

The boulder beetle bites you!
Harold the Weathered comes into view.
He is wielding a +0 scimitar.
Harold shouts!
You bludgeon the boulder beetle!!
You kill the boulder beetle!
Trog accepts your kill.
Your base Maces & Flails skill increases to level 2!
Harold throws a throwing net.
The throwing net hits you.
You become entangled in the net!
You see here a throwing net {!f}.
You struggle against the net.
You feel a strong urge to attack something.
Harold says, "I was hoping my final job would be more of a challenge, but money is money."
You struggle against the net.
You are no longer berserk.
You are exhausted.
You feel yourself slow down.
You struggle against the net.
Harold fires a harpoon shot at you.
The harpoon shot hits you but does no damage.
The cane toad barely misses you.
You rip the net and break free!
The cane toad stings you.
You are poisoned.
The cane toad poisons you! Harold fires a harpoon shot at you.
The harpoon shot hits you but does no damage.
The cane toad stings you but does no damage.
You feel extremely sick. The cane toad stings you!
You are more poisoned.
The cane toad poisons you! The cane toad completely misses you.
There is a staircase back to the Dungeon, spattered with blood here.
You feel extremely sick. The cane toad barely misses you.
The cane toad stings you.
* * * LOW HITPOINT WARNING * * *
You climb upwards.
Welcome back to the Dungeon!
You feel extremely sick.
There is a staircase to the Lair here.
You thump the cane toad!
You feel extremely sick. The cane toad stings you.
* * * LOW HITPOINT WARNING * * *
You block the cane toad's attack.
You closely miss the cane toad.
You feel very sick. The cane toad barely misses you.
You block the cane toad's attack.
You closely miss the cane toad. Your headbutt misses the cane toad.
You feel very sick. The cane toad stings you!
You die...

# #..##.##### #..#
#############..##.# #..#
......<...........# #..#
.############..#### #..### .#
#..########## #..... .#
#...........####.###. .#
######.####.......... .# ###.#
###........ .# #@#.# #.##.###. .#
###########.F.# ##.##.# #. .#
#.............## #...#.###)
.#####.##########...# #........)
........# ###.#.####...#..##.
######..#######...#......#....##.
.......^##......#####..#####.....
#######.##.####...#<.....#....##.
#.##.# ###.#.####.#...#...


You could see a cane toad.

Vanquished Creatures
  A boulder beetle (Lair:1)
  3 two-headed ogres
  Urug (D:10)
  Lodul (D:10)
  Jeremiah (D:7)
  A black mamba (Lair:1)
  Maggie (D:9)
  A queen bee (D:8)
  A troll (D:10)
  A hornet (D:9)
  A wyvern (D:10)
  A wraith (D:10)
  4 yaks
  2 steam dragons
  Duvessa (D:4)
  3 water moccasins
  A black bear (D:6)
  4 orc warriors
  2 ice beasts
  9 ogres
  A boggart (D:10)
  3 centaurs
  3 bullfrogs
  A gnoll sergeant (D:9)
  3 wights (D:8)
  Dowan (D:4)
  11 killer bees (D:8)
  5 howler monkeys (D:9)
  8 hounds
  A gnoll bouda (D:9)
  6 orc priests
  A jelly (D:6)
  7 iguanas
  2 sleepcaps
  4 orc wizards
  A hell rat (Sewer)
  Terence (D:2)
  Robin (D:4)
  15 gnolls
  10 adders
  2 river rats (Sewer)
  2 shadow imps
  3 white imps
  2 ufetubi
  3 worms
  5 dart slugs
  25 orcs
  4 ball pythons
  9 endoplasms
  8 giant cockroaches
  20 goblins
  7 hobgoblins
  8 jackals
  6 quokkas
  10 bats
  5 frilled lizards
  7 kobolds
  8 rats
259 creatures vanquished.

Notes
Turn   | Place    | Note
-------+----------+-------------------------------------------
     0 | D:1      | Pooter the Minotaur Berserker began the quest for the Orb.
     0 | D:1      | Reached XP level 1. HP: 19/19 MP: 0/0
   108 | D:1      | Reached XP level 2. HP: 23/27 MP: 1/1
   162 | D:1      | Reached skill level 4 in Axes
   184 | D:1      | Reached skill level 1 in Stealth
   655 | D:2      | Identified the +3 mace "Kuwkooz" {freeze, Dex+5 Stlth-}
   757 | D:2      | Reached XP level 3. HP: 31/33 MP: 2/2
   757 | D:2      | Found a faded altar of an unknown god.
   773 | D:2      | Reached ** piety under Trog
  1237 | D:2      | Noticed Terence
  1243 | D:2      | Killed Terence
  1244 | D:2      | Reached skill level 1 in Ranged Weapons
  1244 | D:2      | Reached XP level 4. HP: 40/40 MP: 3/3
  1955 | D:3      | Reached skill level 5 in Axes
  2099 | D:3      | Found Qeehew's Jewellery Boutique.
  2202 | D:3      | Found a white marble altar of Elyvilon.
  2477 | D:4      | Found an iron altar of Okawaru.
  2478 | D:4      | Reached *** piety under Trog
  2479 | D:4      | Reached XP level 5. HP: 47/47 MP: 4/4
  2518 | D:4      | Noticed an ogre
  2530 | D:4      | Killed an ogre
  2531 | D:4      | Reached XP level 6. HP: 55/55 MP: 5/5
  2596 | D:4      | Found a glowing drain.
  2600 | Sewer    | Entered a sewer
  2607 | Sewer    | Reached skill level 6 in Axes
  2646 | Sewer    | Reached skill level 5 in Fighting
  2924 | D:4      | Noticed Robin
  2930 | D:4      | Killed Robin
  2940 | D:4      | Noticed Duvessa
  2945 | D:4      | Killed Duvessa
  2958 | D:4      | Noticed Dowan
  2967 | D:4      | Killed Dowan
  2968 | D:4      | Reached XP level 7. HP: 61/61 MP: 6/6
  3091 | D:4      | Reached skill level 7 in Axes
  3222 | D:4      | Reached skill level 5 in Ranged Weapons
  3382 | D:5      | Entered Level 5 of the Dungeon
  3647 | D:5      | Found a snail-covered altar of Cheibriados.
  3929 | D:5      | Reached **** piety under Trog
  4212 | D:5      | Reached XP level 8. HP: 70/70 MP: 7/7
  4510 | D:5      | Reached skill level 8 in Axes
  4823 | D:3      | Bought a ring of see invisible for 165 gold pieces
  5007 | D:6      | Found Afeollul's Book Boutique.
  5418 | D:6      | Reached skill level 9 in Axes
  5435 | D:6      | Found a staircase to the Ecumenical Temple.
  5660 | D:7      | Found a shimmering blue altar of Sif Muna.
  5826 | D:6      | Reached XP level 9. HP: 49/78 MP: 8/8
  6044 | D:7      | Reached skill level 5 in Stealth
  6296 | D:7      | Noticed Jeremiah
  6582 | D:6      | Reached skill level 10 in Axes
  6629 | D:7      | Killed Jeremiah
  6948 | D:8      | Noticed a two-headed ogre
  6955 | D:8      | Killed a two-headed ogre
  7056 | D:8      | Reached skill level 11 in Axes
  7091 | D:8      | Reached XP level 10. HP: 87/88 MP: 9/9
  7108 | D:8      | Found a staircase to the Lair.
  8170 | D:8      | Reached skill level 1 in Evocations
  8351 | D:3      | Bought an amulet of reflection for 330 gold pieces
  8550 | D:9      | Noticed a two-headed ogre
  8559 | D:9      | Killed a two-headed ogre
  8560 | D:9      | Reached skill level 10 in Ranged Weapons
  9139 | D:9      | Reached skill level 12 in Axes
  9327 | D:9      | Noticed Maggie
  9347 | D:9      | Killed Maggie
  9870 | D:10     | Entered Level 10 of the Dungeon
  9870 | D:10     | Noticed Urug
  9870 | D:10     | Found a broken altar of Ashenzari.
  9879 | D:10     | Killed Urug
 10152 | D:10     | Reached XP level 11. HP: 97/97 MP: 10/10
 10240 | D:10     | Noticed Sonja
 10241 | D:10     | Sonja changed into Sonja the boggart
 10241 | D:10     | Noticed Sonja
 10248 | D:10     | Killed Sonja the boggart
 10570 | D:10     | Noticed Lodul
 10578 | D:10     | Killed Lodul
 10828 | D:3      | Bought a ring of flight for 192 gold pieces
 11161 | D:10     | Noticed a two-headed ogre
 11171 | D:10     | Killed a two-headed ogre
 11172 | D:10     | Reached skill level 1 in Maces & Flails
 11546 | D:10     | Found a stormy altar of Qazlal.
 11982 | Lair:1   | Entered Level 1 of the Lair of Beasts
 11982 | Lair:1   | Noticed a boulder beetle
 11992 | Lair:1   | Noticed Harold
 11993 | Lair:1   | Killed a boulder beetle
 12004 | D:8      | Slain by a cane toad

Illustrated notes

Levels and vault maps discovered:
D:1:      scummos_arrival_forest, layout_loops_cross
D:2:      layout_basic, ebering_ecumenical_altar_petrified,
          minmay_misc_feat_tower, uniq_terence
D:3:      layout_loops_ring, marbit_many_paths, serial_shops, shop
D:4:      layout_basic, okawaru_altar_gauntlet_db, gup_sewer_entry_spiral,
          kennysheep_minor_cross, minmay_manual_mullet, uniq_robin, uniq_duvessa
D:5:      layout_gridville, mainiacjoe_overflow_paths
D:6:      layout_basic, minmay_temple_entry_arrows, serial_shops,
          nicolae_shop_rolling_square, moated_statue
D:7:      kennysheep_steamy, layout_rooms, nicolae_sif_muna_condensation,
          st_stairs_10, uniq_jeremiah
D:8:      layout_loops_ring, lair_entry_dummy, nicolae_looking_at_the_future
D:9:      layout_roguey, uniq_maggie
D:10:     layout_long_grid, kennysheep_mini_moat, ashenzari_altar_1,
          serial_co_window_serial, co_window_of_opportunity_a,
          co_window_paths_b, co_window_corner_a, co_window_paths_a,
          co_window_cross_1, co_window_paths_b, co_window_of_opportunity_b,
          co_window_2corner, co_window_2corner, co_window_of_opportunity_b,
          co_window_corner_b, co_window_broadway_a, co_window_paths_c,
          glass_columns_c, glass_columns_a, glass_columns_b,
          grunt_decor_resistance, uniq_urug, uniq_lodul, uniq_sonja
Lair:1:   layout_hall_layers, basic_altar, chequers_serial_rivers_micro_d,
          chequers_serial_rivers_micro_b, serial_bayou_shore_a, uniq_harold

Skill      XL: |  1  2  3  4  5  6  7  8  9 10 11 |
---------------+----------------------------------+-----
Axes           | 4 5 6 7 9 11 12 | 12.6
Stealth        | 1 2 4 6 7 8 |  8.5
Fighting       | 4 5 6 8 9 |  9.5
Ranged Weapons | 1 2 3 4 5 7 9 10 11 | 11.2
Evocations     | 2 3 |  3.3
Maces & Flails | 2 |  2.5
Armour         | |  2.4
Dodging        | |  2.1

Action                     |  1- 3 |  4- 6 |  7- 9 | 10-12 || total
---------------------------+-------+-------+-------+-------++-------
  Melee: Hand axe          |    49 |   111 |   155 |    67 ||   382
         Headbutt          |    13 |    16 |    20 |    23 ||    72
         Mace              |    21 |       |       |       ||    21
         War axe           |       |       |       |    81 ||    81
         Spear             |       |       |       |     5 ||     5
         Punch             |       |       |       |     1 ||     1
         Dire flail        |       |       |       |    13 ||    13
   Fire: Sling             |     1 |    29 |     4 |       ||    34
         Orcbow            |       |       |    84 |    48 ||   132
  Throw: Dart              |       |     6 |     4 |       ||    10
         Boomerang         |       |       |     3 |    11 ||    14
 Invoke: Berserk           |     2 |     1 |     5 |     8 ||    16
         Trog's Hand       |       |     1 |     6 |     6 ||    13
  Evoke: Wand              |       |       |     1 |     2 ||     3
    Use: Scroll            |     2 |     2 |     5 |    11 ||    20
         Potion            |       |       |       |     1 ||     1
   Stab: Sleeping          |       |     3 |       |       ||     3
 Armour: Animal skin       |     6 |       |       |       ||     6
         Robe              |     4 |    43 |    46 |       ||    93
         Scale mail        |       |       |    30 |     2 ||    32
         Plate armour      |       |       |       |    95 ||    95
         Chain mail        |       |       |       |     4 ||     4
  Dodge: Dodged            |    38 |    88 |   116 |    78 ||   320
  Block: Other             |       |       |       |    16 ||    16
         Form:             |       |     1 |       |       ||     1
         Beast             |       |     1 |       |       ||     1

Table legend: (Time is in decaauts)
 A = Elapsed time spent in this place.
 B = Non-inter-level travel time spent in this place.
 C = Inter-level travel time spent in this place.
 D = Time resting spent in this place.
 E = Time spent auto-exploring this place.
 F = Levels seen in this place.
 G = Mean time per level.
                   A        B        C        D        E       F      G
               +--------+--------+--------+--------+--------+-----+--------+
         Total |  12387 |  11328 |   1059 |   3321 |   5884 |  12 | 1032.2 |
       Dungeon |  12255 |  11196 |   1059 |   3321 |   5836 |  10 | 1225.5 |
          Lair |     19 |     19 |      0 |      0 |      0 |   1 |   19.0 |
         Sewer |    113 |    113 |      0 |      0 |     48 |   1 |  113.0 |
               +--------+--------+--------+--------+--------+-----+--------+

Top non-repeatable levels by time:
    D:10: 1827 daAuts
     D:8: 1587 daAuts
     D:5: 1579 daAuts
     D:9: 1418 daAuts
     D:6: 1406 daAuts
     D:4: 1172 daAuts
     D:2: 1166 daAuts
     D:3: 802 daAuts
     D:7: 705 daAuts
     D:1: 591 daAuts
   Sewer: 113 daAuts
  Lair:1: 19 daAuts
